 Dungeon Crawl Stone Soup version 0.28.0-45-g0d030f2227 (webtiles) character file.

Game seed: 8127900512493740192

115 Revguard the Covered (level 5, 0/41 HPs)
             Began as a Human Fighter on Apr 1, 2022.
             Succumbed to Crazy Yiuf's poison
             ... on level 3 of the Dungeon.
             The game lasted 00:10:27 (3195 turns).

Revguard the Covered (Human Fighter)                Turns: 3195, Time: 00:10:28

Health: 0/41       AC:  8    Str: 16    XL:     5   Next: 20%
Magic:  5/5        EV:  9    Int:  8    God:
Gold:   117        SH:  5    Dex: 15    Spells: 4/4 levels left

rFire   . . .      SeeInvis .   a - +0 long sword
rCold   . . .      Faith    .   c - +0 buckler
rNeg    . . .      Spirit   .   b - +0 scale mail
rPois   .          Reflect  .   (no helmet)
rElec   .          Harm     .   (no cloak)
rCorr   .          Rampage  .   (no gloves)
Will    .....                   e - +0 pair of boots
Stlth   ..........              (no amulet)
HPRegen 0.13/turn               d - ring of flight
MPRegen 0.09/turn               (no ring)

@: lethally poisoned (0 -> -9), flying, hasted, invisible, very quick
A: no striking features
a: no special abilities


You were on level 3 of the Dungeon.
You visited 1 branch of the dungeon, and saw 3 of its levels.

You collected 117 gold pieces.

Inventory:

Hand Weapons
 a - a +0 long sword (weapon)
Armour
 b - a +0 scale mail (worn)
 c - a +0 buckler (worn)
 e - a +0 pair of boots (worn)
Jewellery
 d - a ring of flight (left hand)
Wands
 g - a wand of digging (4)
 j - a wand of flame (20)
Scrolls
 h - a scroll of identify
 i - a scroll of amnesia
 l - 2 scrolls of teleportation {unknown}
 m - a scroll of vulnerability {unknown}
Potions
 f - 2 potions of might
 k - 2 potions of haste


   Skills:
 + Level 3.4 Fighting
 + Level 2.7 Long Blades
 + Level 3.5 Armour
 + Level 1.6 Dodging
 + Level 3.5 Shields
 + Level 1.0 Evocations


You had 4 spell levels left.
You didn't know any spells.
Your spell library contained the following spells:

 Spells                   Type           Power      Damage    Failure   Level
 Slow                     Hex            0%         N/A       90%         1
 Confusing Touch          Hex            0%         N/A       99%         3
 Vampiric Draining        Necr           0%         2d6       99%         3


Dungeon Overview and Level Annotations

Branches:
Dungeon (3/15)

Altars:
Qazlal

Shops:
D:1 [

Annotations:
D:3 Crazy Yiuf


Message History

m - a scroll labelled VIELLOC WOLL
Found an escape hatch in the floor.
Found 18 stones.
You see here 18 stones.
Things that are here:
a +0 club; a +0 leather armour You see here 17 stones.
There is an escape hatch in the ceiling here.
Crazy Yiuf shouts!
As you open the door, it creaks loudly!
You closely miss Crazy Yiuf.
Crazy Yiuf hits you with a +3 quarterstaff of chaos!
Crazy Yiuf freezes you.
You hit Crazy Yiuf.
Crazy Yiuf is lightly wounded.
Crazy Yiuf whimpers, "Liver hog wrapper!"
Crazy Yiuf hits you with a +3 quarterstaff of chaos.
Crazy Yiuf draws strength from your wounds!
You slash Crazy Yiuf!
Crazy Yiuf is moderately wounded.
Crazy Yiuf hits you with a +3 quarterstaff of chaos.
You fade into invisibility!
Crazy Yiuf hits you with a +3 quarterstaff of chaos!
You hit Crazy Yiuf.
Crazy Yiuf is severely wounded.
Crazy Yiuf hits you with a +3 quarterstaff of chaos.
* * * LOW HITPOINT WARNING * * *
You are lethally poisoned!
You barely miss Crazy Yiuf.
Crazy Yiuf is severely wounded.
* * * LOW HITPOINT WARNING * * *
You feel very sick. Crazy Yiuf barely misses you.
You hit Crazy Yiuf.
Crazy Yiuf is almost dead.
* * * LOW HITPOINT WARNING * * *
You feel very sick. You block Crazy Yiuf's attack.
It was a potion of haste.
You feel yourself speed up.
You die...

#># #.# #.# # #.#
#.# #.### #.# #.#
#.... ### ###
##### # ♣♣♣♣♣###
# ### ♣♣♣.♣..#.##
#
#...#♣..♣......##
#
#...g@♣♣♣♣......#
# #)..#♣♣
♣♣.#...# # ###
♣♣##..######
#.......#
###.###.# ### #.#
#<# #.###.# #.(
##...## ###
##.#######


You could see Crazy Yiuf.

Vanquished Creatures
  Ijyb (D:3)
  2 adders
  2 dart slugs
  2 worms
  4 ball pythons
  4 endoplasms
  2 giant cockroaches
  4 goblins
  7 hobgoblins
  11 jackals
  2 quokkas
  5 bats
  4 frilled lizards
  2 kobolds (D:1)
  5 rats (D:1)
57 creatures vanquished.

Notes
Turn   | Place    | Note
-------+----------+-------------------------------------------
     0 | D:1      | Revguard the Human Fighter began the quest for the Orb.
     0 | D:1      | Reached XP level 1. HP: 18/18 MP: 1/1
    98 | D:1      | Reached XP level 2. HP: 14/24 MP: 2/2
   227 | D:1      | Reached XP level 3. HP: 11/29 MP: 3/3
   585 | D:1      | Reached skill level 1 in Dodging
   842 | D:1      | Found Meojys's Armour Shoppe.
  1533 | D:2      | Reached XP level 4. HP: 35/35 MP: 4/4
  1535 | D:2      | Found a stormy altar of Qazlal.
  1669 | D:2      | Found a faded altar of an unknown god.
  2211 | D:3      | Noticed Ijyb
  2244 | D:3      | Killed Ijyb
  2245 | D:3      | Reached XP level 5. HP: 13/41 MP: 5/5
  2249 | D:3      | Reached skill level 1 in Evocations
  2617 | D:3      | Found a runed translucent door.
  2618 | D:3      | Noticed Crazy Yiuf
  3194 | D:3      | HP: 2/41 [poisoned by Crazy Yiuf]
  3195 | D:3      | Succumbed to Crazy Yiuf's poison

Illustrated notes

Levels and vault maps discovered:
D:1:      dpeg_arrival_shelter, layout_rooms, serial_shops, shop_statue
D:2:      kennysheep_big_flooded_room, layout_basic, basic_altar,
          hellmonk_ecumenical_altar_zigzags, nrook_uturn,
          minmay_misc_feat_rugged
D:3:      layout_loops_ring, nrook_mini_backslash, uniq_ijyb,
          uniq_crazy_yiuf_cottage

Skill      XL: |  1  2  3  4  5 |
---------------+----------------+-----
Dodging        | 1 |  1.6
Evocations     | 1 |  1.0
Fighting       | |  3.4
Long Blades    | |  2.7
Armour         | |  3.5
Shields        | |  3.5

Action                   |  1- 3 |  4- 6 || total
-------------------------+-------+-------++-------
Melee: Long sword        |   123 |    91 ||   214
  Use: Potion            |     1 |     2 ||     3
       Scroll            |       |     3 ||     3
Armor: Scale mail        |    77 |    50 ||   127
       Skin              |       |    11 ||    11
Dodge: Dodged            |    65 |    39 ||   104
Block: Buckler           |    38 |    19 ||    57
